 Dungeon Crawl Stone Soup version 0.31-a0-319-g4fced400ed (webtiles) character file.

Game seed: 5408948428684456395

63 night the Changeling (level 3, -2/30 HPs)
             Began as a Draconian Shapeshifter on July 18, 2023.
             Slain by Crazy Yiuf
             ... wielding a +3 quarterstaff of chaos
              (12 damage)
             ... on level 2 of the Dungeon.
             The game lasted 00:01:58 (1278 turns).

night the Changeling (Draconian Shapeshifter)       Turns: 1278, Time: 00:01:59

Health: -2/30      AC:  5    Str: 19    XL:     3   Next: 87%
Magic:  3/3        EV: 12    Int:  8    God:
Gold:   72         SH:  0    Dex: 11    Spells: 2/2 levels left

rFire   . .          .
                       - Unarmed
rCold   . . .        (no shield)
rNeg    . . .        (body armour unavailable)
rPois   .            (helmet currently unavailable)
rElec   .            (cloak currently unavailable)
rCorr   .            (gloves currently unavailable)
SInv    .            (boots currently unavailable)
Will    .....        (no amulet)
Stlth   +            (no ring)
HPRegen 0.25/turn    (no ring)
MPRegen 0.08/turn

%: no passive effects
@: beast-form
A: beast (slay +2), AC +5, unfitting armour, cold-blooded
a: Begin Untransformation


You were on level 2 of the Dungeon.
You were a hulking beast.
You visited 1 branch of the dungeon, and saw 2 of its levels.

You collected 72 gold pieces.

Inventory:

Hand Weapons
 i - a +1 mace of holy wrath
Missiles
 d - 19 stones
 g - 6 poisoned darts
 l - 4 boomerangs
Jewellery
 k - a ring of fire
 n - a ring of wizardry
Talismans
 b - a beast talisman
Scrolls
 c - a scroll of identify {unknown}
 f - 2 scrolls of teleportation {unknown}
 h - a scroll of vulnerability {unknown}
 m - a scroll of blinking {unknown}
Potions
 a - a potion of lignification
 e - 3 potions of haste {unknown}
 j - a potion of invisibility {unknown}
 o - a potion of attraction {unknown}


   Skills:
 + Level 2.9 Fighting
 + Level 2.3 Dodging
 * Level 3.0 Unarmed Combat
 + Level 3.2 Shapeshifting


You had 2 spell levels left.
You didn't know any spells.
Your spell library was empty.

Dungeon Overview and Level Annotations

Branches:
Dungeon (2/15)

Altars:

Annotations:
D:2 Crazy Yiuf


Innate Abilities, Weirdness & Mutations

You are a hulking beast.
Your limbs bulge with bestial killing power. (Slay +2)
Your plain brown scales are hard. (AC +5)
You cannot fit into any form of body armour.
You are cold-blooded and may be slowed by cold attacks.


Message History

k - a ring of fire
Okay, then.
l - 4 boomerangs An adder comes into view.
You see here 5 gold pieces.
Found a silver ring.
The adder bites you but does no damage.
You punch the adder! You tail-slap the adder.
You kill the adder!
Your Unarmed Combat skill increases to level 3!
No target in view!
m - a scroll labelled RAJILU PECIEST You now have 72 gold pieces (gained 5).
You see here an adder corpse.
n - a ring of wizardry
Found a stone staircase leading down.
e - 3 blue potions (gained 1)
o - a dark potion
Found a hammer.
Found a runed translucent door.
You open the door. You hit Crazy Yiuf.
You tail-slap Crazy Yiuf, but do no damage.
Crazy Yiuf is lightly wounded.
Crazy Yiuf barely misses you.
You hit Crazy Yiuf.
Crazy Yiuf is lightly wounded.
Crazy Yiuf closely misses you.
You barely miss Crazy Yiuf.
Crazy Yiuf is lightly wounded.
Crazy Yiuf laughs, "Lay horse infinity!"
Crazy Yiuf hits you with a +3 quarterstaff of chaos!
You are electrocuted!
* * * LOW HITPOINT WARNING * * *
You closely miss Crazy Yiuf.
Your tail-slap misses Crazy Yiuf.
Crazy Yiuf is lightly wounded.
Crazy Yiuf closely misses you.
You closely miss Crazy Yiuf.
Crazy Yiuf is lightly wounded.
Crazy Yiuf hits you with a +3 quarterstaff of chaos!
You die...

#.####....#
#.# #....#
#.# ♣.PP.♣
♣♣.P.♣
♣♣.♣♣ ♣♣.♣
♣.♣♣ ♣♣.♣
♣h♣♣ #g#
... #...#
#)..# #####


You could see Crazy Yiuf.

Vanquished Creatures
  2 adders (D:2)
  A worm (D:2)
  2 dart slugs (D:2)
  6 endoplasms (D:1)
  2 goblins (D:1)
  6 hobgoblins
  5 jackals
  A quokka (D:1)
  A ball python (D:1)
  2 bats
  3 kobolds (D:1)
  3 rats
34 creatures vanquished.

Notes
Turn   | Place    | Note
-------+----------+-------------------------------------------
     0 | D:1      | night the Draconian Shapeshifter began the quest for the
                  | Orb.
     0 | D:1      | Reached XP level 1. HP: 17/17 MP: 1/1
   385 | D:1      | Reached XP level 2. HP: 24/25 MP: 2/2
   400 | D:1      | Reached skill level 2 in Dodging
   850 | D:1      | Reached XP level 3. HP: 26/30 MP: 3/3
  1269 | D:2      | Found a runed translucent door.
  1270 | D:2      | Noticed Crazy Yiuf
  1278 | D:2      | Slain by Crazy Yiuf

Illustrated notes

Levels and vault maps discovered:
D:1:      psy_arrival_conway, layout_basic
D:2:      layout_basic, minmay_vboxes, uniq_crazy_yiuf_cottage, uniq_jessica

Skill      XL: |  1  2  3 |
---------------+----------+-----
Dodging        | 2 |  2.3
Unarmed Combat | 3 |  3.0
Fighting       | |  2.9
Shapeshifting  | |  3.2

Action                     || total
---------------------------++-------
  Melee: Unarmed           ||    98
         Tailslap          ||    11
         Punch             ||     2
   Stab: Sleeping          ||     1
 Armour: Skin              ||    23
  Dodge: Dodged            ||    56

Table legend: (Time is in decaauts)
 A = Elapsed time spent in this place.
 B = Non-inter-level travel time spent in this place.
 C = Inter-level travel time spent in this place.
 D = Time resting spent in this place.
 E = Time spent auto-exploring this place.
 F = Levels seen in this place.
 G = Mean time per level.
                   A        B        C        D        E       F      G
               +--------+--------+--------+--------+--------+-----+--------+
         Total |   1278 |   1239 |     39 |      0 |   1020 |   2 |  639.0 |
       Dungeon |   1278 |   1239 |     39 |      0 |   1020 |   2 |  639.0 |
               +--------+--------+--------+--------+--------+-----+--------+

Top non-repeatable levels by time:
     D:1: 1019 daAuts
     D:2: 259 daAuts
